 Dungeon Crawl Stone Soup version 0.28.0-47-ge53b351184 (webtiles) character file.

Game seed: 16526766116435678384

5306 seaoflcl the Carver (level 10, 0/73 (74) HPs)
             Began as a Human Fighter on May 2, 2022.
             Was a Priest of Ru.
             Slain by a yak (12 damage)
             ... on level 8 of the Dungeon.
             The game lasted 00:16:45 (10623 turns).

seaoflcl the Carver (Human Fighter)                Turns: 10623, Time: 00:16:45

HP:   0/73 (74)     AC: 21    Str: 21    XL:     10   Next: 95%
MP:   10/10         EV:  7    Int:  8    God:    Ru [***...]
Gold: 388           SH:  6    Dex: 21    Spells: 9/9 levels left

rFire   x . .      SeeInvis .   D - +2 scimitar
rCold   . . .      Faith    .   c - +0 buckler
rNeg    . . .      Spirit   .   A - +0 plate armour "Eklyclio" {rElec rF- Dex+8}
rPois   .          Reflect  .   b - +0 helmet
rElec   +          Harm     .   J - +1 cloak
rCorr   .          Rampage  .   (no gloves)
Will    +....                   j - +0 pair of boots
Stlth   ..........              p - amulet of the acrobat
HPRegen 0.22/turn               w - ring of willpower
MPRegen 0.12/turn               B - +4 ring of protection

@: lightly drained, unable to read
A: inability to read while threatened, inability to use devices
a: Renounce Religion, Draw Out Power


You were on level 8 of the Dungeon.
You worshipped Ru.
Ru was most pleased with you.
You visited 2 branches of the dungeon, and saw 9 of its levels.

You collected 388 gold pieces.

Inventory:

Hand Weapons
 a - a +0 long sword
 g - a +0 short sword
 q - a +0 falchion of draining
 z - a +1 flail of protection
 C - a +3 spear
 D - a +2 scimitar (weapon)
 G - a +1 long sword of flaming
Armour
 b - a +0 helmet (worn)
 c - a +0 buckler (worn)
 j - a +0 pair of boots (worn)
 r - a +0 chain mail
 A - the +0 plate armour "Eklyclio" (worn) {rElec rF- Dex+8}
   (You found it on level 7 of the Dungeon)

   Dex:       It affects your dexterity (+8).
   rF:        It makes you vulnerable to fire.
   rElec:     It insulates you from electricity.
 E - a +1 scale mail of positive energy
 H - +2 acid dragon scales
 J - a +1 cloak (worn)
Jewellery
 p - an amulet of the acrobat (around neck)
 w - a ring of willpower (left hand)
 B - a +4 ring of protection (right hand)
Scrolls
 d - 2 scrolls of blinking
 f - a scroll of vulnerability
 l - a scroll of enchant weapon
 m - a scroll of fog {unknown}
 n - a scroll of immolation {unknown}
 t - 2 scrolls of teleportation {unknown}
 v - a scroll of silence {unknown}
 x - 2 scrolls of noise {unknown}
 y - a scroll of fear {unknown}
 I - a scroll of acquirement {unknown}
Potions
 e - 2 potions of attraction
 h - 2 potions of magic {unknown}
 i - a potion of invisibility {unknown}
 k - a potion of lignification {unknown}
 o - 2 potions of curing {unknown}
 s - a potion of cancellation {unknown}
 u - 3 potions of heal wounds
 F - a potion of mutation {unknown}


   Skills:
 - Level 5.5 Fighting
 * Level 12.6 Long Blades
 - Level 5.6 Armour
 - Level 3.4 Dodging
 - Level 5.6 Shields


You had 9 spell levels left.
You didn't know any spells.
Your spell library contained the following spells:

 Spells                   Type           Power      Damage    Failure   Level
 Blink                    Tloc           0%         N/A       100%        2
 Frozen Ramparts          Ice            0%         1d2       100%        3
 Ignite Poison            Fire/Tmut/Pois 0%         N/A       100%        3
 Mephitic Cloud           Conj/Pois/Air  0%         N/A       100%        3
 Ice Form                 Ice/Tmut       0%         N/A       100%        4
 Summon Ice Beast         Ice/Summ       0%         N/A       100%        4
 Freezing Cloud           Conj/Ice/Air   0%         6-21      100%        5
 Manifold Assault         Tloc           0%         N/A       100%        5
 Storm Form               Tmut/Air       0%         N/A       100%        7


Dungeon Overview and Level Annotations

Branches:
Dungeon (8/15)             Temple (1/1) D:4
   Lair: D:8-11

Altars:
Ashenzari
Cheibriados
Fedhas
Gozag
Makhleb
Nemelex Xobeh
Okawaru
Ru
Wu Jian
Yredelemnul
Zin
The Shining One

Shops:
D:2 (   D:3 (


Innate Abilities, Weirdness & Mutations

You sometimes lose the ability to read scrolls when taking damage.
You cannot study or use magical devices.


Message History

The yak gores itself.
You slash the yak!
The yak is heavily wounded.
The orc warrior hits you with a +0 war axe.
The orc hits you but does no damage. The yak gores you.
You closely miss the yak.
The yak is heavily wounded.
You redirect the orc warrior's attack!
The orc warrior hits the yak with a +0 war axe!
The orc warrior hits you but does no damage.
The orc hits you but does no damage. The yak gores you but does no damage.
You closely miss the yak.
The yak is almost dead.
The orc warrior hits you with a +0 war axe.
The orc barely misses you. The yak gores you but does no damage.
You slash the yak!
You kill the yak!
You block the orc warrior's attack. You block the orc's attack.
You closely miss the orc. The orc hits you but does no damage.
The orc warrior hits you with a +0 war axe!
* * * LOW HITPOINT WARNING * * *
You barely miss the orc. The orc barely misses you.
You hit the orc warrior but do no damage.
The orc warrior is moderately wounded.
You block the orc warrior's attack. The orc barely misses you.
You slash the orc warrior!
The orc warrior is severely wounded.
You block the orc warrior's attack. The orc hits you but does no damage.
You closely miss the orc warrior.
The orc warrior is severely wounded.
The orc warrior closely misses you. The orc hits you but does no damage.
You hit the orc warrior but do no damage.
The orc warrior is severely wounded.
The yak gores you but does no damage.
You hit the orc warrior.
The orc warrior is almost dead.
You feel less exhausted. The orc warrior completely misses you.
You block the orc's attack. The yak gores you!
You die...

.........♣≈≈≈P≈≈≈♣♣♣≈.......
#........♣♣♣♣♣≈≈♣♣ ♣♣♣......
##..........♣ ≈♣♣ .#.....
#....##....♣♣ .P♣ .#.....
.....##..#..♣♣≈♣♣
#.......##.#♣P.≈♣.
##.......###......
######...........
#....)@o#.... ###.###Y# .
#.....o.# ##.........
#..#.......# #...#.......#
#... ##........ ...
#........ ... .........


You could see a yak, an orc warrior and an orc.

Vanquished Creatures
  Maggie (D:7)
  9 yaks
  Eustachio (D:4)
  3 steam dragons
  2 water moccasins
  4 black bears
  A hornet zombie (D:7)
  3 sky beasts
  An orc warrior (D:7)
  3 necrophages
  3 centaurs
  4 ogres
  2 bullfrogs (D:7)
  A gnoll sergeant (D:7)
  A wyvern zombie (D:7)
  2 scorpions
  A wyvern skeleton (D:7)
  2 wights (D:7)
  3 howler monkeys (D:7)
  2 centaur zombies (D:4)
  A bullfrog zombie (D:5)
  4 orc priests
  2 jellies (D:6)
  A centaur skeleton (D:7)
  2 gnoll shamans
  Crazy Yiuf (D:4)
  A bullfrog skeleton (D:6)
  4 hounds
  An iguana (D:5)
  4 orc wizards
  A scorpion zombie (D:5)
  A hound zombie (D:5)
  8 gnolls
  5 adders
  A white imp (D:6)
  An adder skeleton (D:5)
  2 worms
  2 dart slugs
  9 orcs
  6 endoplasms
  A giant cockroach (D:2)
  2 goblins
  3 hobgoblins
  6 jackals
  2 kobolds
  2 quokkas (D:2)
  2 ball pythons
  4 bats (D:2)
  2 frilled lizards
  5 rats
135 creatures vanquished.

Vanquished Creatures (others)
  A gnoll (D:8)
  An orc (D:8)
  A plant (D:8)
3 creatures vanquished.

Grand Total: 138 creatures vanquished

Notes
Turn   | Place    | Note
-------+----------+-------------------------------------------
     0 | D:1      | seaoflcl the Human Fighter began the quest for the Orb.
     0 | D:1      | Reached XP level 1. HP: 18/18 MP: 1/1
   268 | D:1      | Reached XP level 2. HP: 23/24 MP: 2/2
   403 | D:1      | You fall into a shaft and drop 1 floor!
   472 | D:2      | Found Kasaliru's Weapon Shoppe.
   670 | D:2      | Reached XP level 3. HP: 29/29 MP: 3/3
  1439 | D:3      | Found Dav Ximu's Antique Weapon Boutique.
  1545 | D:3      | Reached XP level 4. HP: 12/35 MP: 4/4
  1920 | D:3      | Found a sacrificial altar of Ru.
  1949 | D:3      | Became a worshipper of Ru the Awakened
  2495 | D:4      | Noticed Eustachio
  2781 | D:4      | Found an iron altar of Okawaru.
  2787 | D:4      | Reached XP level 5. HP: 39/42 MP: 5/5
  2860 | D:5      | Entered Level 5 of the Dungeon
  3371 | D:5      | Reached skill level 3 in Long Blades
  3373 | D:5      | Found a sparkling altar of Nemelex Xobeh.
  3376 | D:5      | Noticed an ogre
  3382 | D:5      | Killed an ogre
  3383 | D:5      | Reached XP level 6. HP: 14/48 MP: 6/6
  3662 | D:5      | Noticed a necrophage
  3675 | D:5      | Killed a necrophage
  3905 | D:5      | Reached skill level 1 in Dodging
  4168 | D:5      | Reached skill level 4 in Long Blades
  4168 | D:5      | Reached XP level 7. HP: 48/55 MP: 7/7
  4302 | D:5      | Found a blossoming altar of Fedhas.
  4363 | D:5      | Gained mutation: You cannot study or use magical devices.
                  | [Ru sacrifice]
  4363 | D:5      | Reached * piety under Ru
  4363 | D:5      | Reached ** piety under Ru
  4480 | D:6      | Noticed a steam dragon
  4494 | D:7      | Noticed Maggie
  4494 | D:7      | Noticed a steam dragon
  5256 | D:6      | Reached XP level 8. HP: 57/61 MP: 8/8
  5267 | D:6      | Reached skill level 5 in Long Blades
  5658 | D:6      | Reached skill level 5 in Armour
  5795 | D:7      | Reached skill level 5 in Fighting
  5795 | D:7      | Reached skill level 5 in Shields
  6186 | D:7      | Reached skill level 6 in Long Blades
  6194 | D:7      | Reached XP level 9. HP: 42/68 MP: 9/9
  6431 | D:7      | HP: 3/63 [wight/+2 scimitar (3)]
  6668 | D:7      | Reached skill level 7 in Long Blades
  7125 | D:7      | Reached skill level 8 in Long Blades
  7283 | D:7      | Identified the +0 plate armour "Eklyclio" {rElec rF- Dex+8}
  7589 | D:7      | Killed Maggie
  7590 | D:7      | Reached skill level 9 in Long Blades
  7590 | D:7      | Reached XP level 10. HP: 50/74 MP: 10/10
  7848 | D:7      | Reached skill level 10 in Long Blades
  8647 | D:4      | Found a staircase to the Ecumenical Temple.
  8658 | Temple   | Entered the Ecumenical Temple
  9080 | D:4      | Found a runed translucent door.
  9081 | D:4      | Noticed Crazy Yiuf
  9090 | D:4      | Killed Crazy Yiuf
  9252 | D:4      | Killed Eustachio
  9253 | D:4      | Reached skill level 11 in Long Blades
 10308 | D:8      | Reached skill level 12 in Long Blades
 10323 | D:8      | Gained mutation: You sometimes lose the ability to read
                  | scrolls when taking damage. [Ru sacrifice]
 10323 | D:8      | Reached *** piety under Ru
 10623 | D:8      | Slain by a yak

Illustrated notes

Levels and vault maps discovered:
D:1:      wander_arrival_peaceful_grave, layout_basic,
          shapermc_ecumenical_altar_mp_urbaneastern
D:2:      layout_loops_cross, serial_shops,
          nicolae_shop_temple_entry_statues_fountains, minmay_close_crescents
D:3:      layout_basic, nicolae_ru_awakened_eye, serial_shops, shop_fountains,
          kennysheep_doodads
D:4:      layout_cave_pools, mainiacjoe_overflow_boulevard, temple_doors_e,
          uniq_eustachio, uniq_crazy_yiuf_cottage
D:5:      layout_basic, nemelex_dance_club_becter, fedhas_altar_3
D:6:      layout_layer_cave
D:7:      minmay_razor_zed, layout_basic, uniq_maggie
D:8:      layout_cave_pools, serial_bayou, serial_bayou_shore_a,
          serial_bayou_crossing, serial_bayou_pond_e, serial_bayou_pond_d,
          kennysheep_cross_bottleneck, minmay_misc_feat_tower
Temple:   dshaligram_water_room_temple

Skill      XL: |  1  2  3  4  5  6  7  8  9 10 |
---------------+-------------------------------+-----
Long Blades    | 3 4 6 9 12 | 12.6
Fighting       | 4 5 |  5.5
Armour         | 4 5 |  5.6
Shields        | 4 5 |  5.6
Dodging        | 1 2 3 |  3.4

Action                   |  1- 3 |  4- 6 |  7- 9 | 10-12 || total
-------------------------+-------+-------+-------+-------++-------
Melee: Long sword        |    93 |    78 |   198 |       ||   369
       Scimitar          |       |       |    93 |   249 ||   342
Invok: Sacrifice Artific |       |       |     1 |       ||     1
       Draw Out Power    |       |       |       |     1 ||     1
       Sacrifice Words   |       |       |       |     1 ||     1
  Use: Potion            |       |     1 |     3 |     1 ||     5
       Scroll            |       |       |     4 |       ||     4
 Stab: Distracted        |       |       |     2 |     1 ||     3
       Invisible         |       |       |       |     1 ||     1
Armor: Scale mail        |    65 |     4 |       |       ||    69
       Chain mail        |       |    44 |   186 |       ||   230
       Plate armour      |       |       |    37 |   144 ||   181
Dodge: Dodged            |    59 |    33 |   115 |    97 ||   304
Block: Buckler           |    21 |    19 |    74 |    84 ||   198
